AoeStats
← ogipochi_

Arena

507049834Analyzed
3v3 RM · 17d ago on Sep 16, 2026· 58m 27s· 6 players
Game mode
Random Map
Map size
Normal (6 player)
Population
200
Speed
Normal
Resources
Standard
Victory
Conquest
Starting age
Dark Age
Ending age
Imperial Age
RankedLock teamsTeams togetherTeam positionsShared explorationLock speedFull tech treeHidden civsTurbo modeCheats
Victory
Defeat
🇯🇵 Khitans · Japan
723
+10
🇫🇷 Franks · France
644
+13
🇨🇳 Persians · China
569
+16
🇦🇺 Franks · Australia
715
-50
🇦🇺 Mongols · Australia
494
-10
🇦🇺 Huns · Australia
494
-10
ogipochi_
8:22 Loom
11:12 Feudal Age
11:50 Double-Bit Axe
11:46 Domestication
11:58 Gold Mining
11:36 Man-at-Arms
12:03 Arson
15:14 Wheelbarrow
15:18 Wheelbarrow
18:20 Castle Age
16:53 Forging
17:38 Scale Mail Armor
18:39 Town Watch
20:07 Bow Saw
19:48 Gambesons
24:48 Pastoralism
25:35 Iron Casting
24:44 Long Swordsman
26:53 Chain Mail Armor
27:26 Squires
26:48 Pikeman
29:18 Hand Cart
29:53 Lamellar Armor
35:03 Imperial Age
35:11 Capped Ram
36:26 Plate Mail Armor
36:20 Conscription
35:27 Elite Liao Dao
40:17 Two-Man Saw
39:21 Town Patrol
39:31 Elite Skirmisher
40:17 Thumb Ring
41:04 Ballistics
41:45 Chemistry
40:56 Fortified Wall
40:42 Murder Holes
40:53 Siege Engineers
40:58 Masonry
40:30 Treadmill Crane
41:22 Two-Handed Swordsman
41:55 Fletching
42:05 Padded Archer Armor
41:42 Siege Ram
42:17 Champion
42:21 Elite Fire Lancer
45:28 Ordo Cavalry
45:22 Bodkin Arrow
45:42 Leather Archer Armor
45:11 Treadmill Crane
49:36 Bracer
50:07 Ring Archer Armor
51:22 Stone Mining
52:38 Stone Shaft Mining
53:27 Transhumance
Jalabert
12:51 Feudal Age
14:46 Wheelbarrow
14:11 Double-Bit Axe
16:41 Gold Mining
17:45 Stone Mining
22:37 Scale Mail Armor
22:48 Forging
24:55 Castle Age
23:15 Scale Barding Armor
26:26 Gold Shaft Mining
25:56 Husbandry
26:57 Hand Cart
26:56 Bow Saw
29:06 Chain Barding Armor
29:02 Chain Mail Armor
29:23 Iron Casting
28:52 Squires
28:38 Arson
31:50 Town Watch
32:58 #83
36:57 Imperial Age
35:08 Fortified Wall
34:53 Murder Holes
36:58 Town Patrol
37:43 Chivalry
38:06 Conscription
37:07 Elite Throwing Axeman
39:42 Plate Mail Armor
40:12 Blast Furnace
39:48 Plate Barding Armor
39:34 Cavalier
42:14 Masonry
41:43 Paladin
54:05 Ballistics
54:46 Chemistry
54:21 Architecture
55:27 Caravan
646107374
10:35 Feudal Age
21:49 Castle Age
21:26 Double-Bit Axe
21:36 Stone Mining
21:38 Gold Mining
24:39 Gold Shaft Mining
24:40 Stone Shaft Mining
23:49 Horse Collar
24:47 Stone Shaft Mining
25:27 Caravan
26:46 Masonry
27:03 Bow Saw
33:13 Imperial Age
31:21 Wheelbarrow
32:48 Heavy Plow
33:10 Hand Cart
34:26 Conscription
35:40 Two-Man Saw
35:13 Crop Rotation
35:36 Ballistics
36:16 Chemistry
37:29 Scale Barding Armor
37:35 Forging
37:26 Scale Mail Armor
37:28 Padded Archer Armor
37:18 Fletching
38:17 Elite War Elephant
42:19 Iron Casting
41:59 Chain Mail Armor
42:05 Chain Barding Armor
42:01 Leather Archer Armor
44:44 Plate Mail Armor
45:14 Blast Furnace
44:10 Bodkin Arrow
49:33 Plate Barding Armor
49:35 Ring Archer Armor
57:33 Architecture
56:54 Heated Shot
57:00 Murder Holes
57:16 Careening
57:00 Guard Tower
57:19 Kamandaran
57:30 Citadels
57:36 Citadels
57:24 Loom
57:25 Town Watch
59:01 Fervor
59:07 Block Printing
58:53 Devotion
59:28 Theocracy
58:50 Herbal Medicine
MarkyKenz
8:39 Loom
14:16 Feudal Age
15:34 Wheelbarrow
14:50 Double-Bit Axe
15:04 Gold Mining
15:36 Horse Collar
17:43 Stone Mining
22:38 Castle Age
21:41 Padded Archer Armor
21:33 Fletching
23:37 Hand Cart
23:49 Bow Saw
26:53 Gold Shaft Mining
26:21 Heavy Plow
30:02 Bodkin Arrow
30:23 Leather Archer Armor
30:22 Thumb Ring
32:08 Scale Barding Armor
32:17 Forging
32:48 Ballistics
33:30 Bloodlines
33:21 Husbandry
38:00 Caravan
42:03 Imperial Age
41:52 Masonry
41:41 Murder Holes
42:18 Chain Barding Armor
42:34 Iron Casting
44:03 Two-Man Saw
43:33 Parthian Tactics
42:39 Heavy Cavalry Archer
50:04 Bracer
51:05 Blast Furnace
50:41 Plate Barding Armor
50:26 Elite Tarkan
51:55 Conscription
52:54 Marauders
Caldi
13:34 Feudal Age
15:03 Loom
20:05 Castle Age
19:03 Horse Collar
22:14 Heavy Plow
24:43 Stone Mining
24:51 Double-Bit Axe
29:59 Wheelbarrow
29:09 Town Watch
29:40 Bow Saw
31:20 Fortified Wall
31:47 Nomads
31:44 Gold Mining
31:59 Town Patrol
33:28 Masonry
33:28 Murder Holes
43:29 Squires
43:16 Arson
48:26 Pikeman
49:54 Thumb Ring
49:10 Elite Skirmisher
53:01 Hand Cart
Sam-vs-Wild
10:45 Loom
12:31 Feudal Age
15:20 Wheelbarrow
15:05 Double-Bit Axe
22:26 Forging
30:15 Castle Age
32:06 Scale Barding Armor
31:33 Light Cavalry
34:52 Husbandry
36:18 Chain Barding Armor
38:26 Iron Casting
38:23 Gold Mining
43:20 Scale Mail Armor
46:29 Imperial Age
49:07 Plate Barding Armor
47:58 Cavalier
49:27 Hand Cart
53:41 Blast Furnace
52:16 Paladin
Connection lost

Rejoining the realm…

Still unreachable

The connection could not be restored.

Session expired

The server has moved on; the page needs a fresh start.